 Dungeon Crawl Stone Soup version 0.24-a0-194-g9bee6eb (console) character file.

Game seed: 4824909579816357703

2210 Voker57 the Carver (level 9, -2/69 HPs)
             Began as a Demonspawn Gladiator on Mar 18, 2019.
             Was a Follower of Makhleb.
             Slain by an orc warrior
             ... wielding a +0 long sword
              (24 damage)
             ... on level 8 of the Dungeon.
             The game lasted 00:14:21 (7987 turns).

Voker57 the Carver (Demonspawn Gladiator)           Turns: 7987, Time: 00:14:22

Health: -2/69      AC:  5    Str: 17      XL:     9   Next: 13%
Magic:  11/11      EV: 17    Int:  9      God:    Makhleb [*.....]
Gold:   255        SH:  3    Dex: 22 (23) Spells: 8/8 levels left

rFire    + . .     SeeInvis .   a - +3 great sword
rCold    + . .     Gourm    .   (shield currently unavailable)
rNeg     . . .     Faith    .   b - +0 leather armour
rPois    +         Spirit   .   (helmet restricted)
rElec    .         Reflect  +   d - +2 cloak {rPois}
rCorr    .         Harm     .   g - +0 pair of gloves
MR       .....                  (no boots)
Stlth    ++........             r - +3 amulet of reflection
HPRegen  0.21/turn              e - +3 ring of dexterity
MPRegen  0.12/turn              (no ring)

@: studying Crossbows
A: horns 1, thin skeletal structure 1, cold resistance 1, deformed body, fire
resistance 1, strong 1, no potion heal 1, rot immunity
a: Renounce Religion


You were on level 8 of the Dungeon.
You worshipped Makhleb.
Makhleb was aware of your devotion.
You were near starving.

You visited 2 branches of the dungeon, and saw 9 of its levels.
You also visited: Sewer.

You collected 255 gold pieces.

Inventory:

Hand Weapons
 a - a +3 great sword (weapon)
 s - a -1 hand axe
 u - a +1 long sword
Armour
 b - a +0 leather armour (worn)
 c - a +0 helmet
 d - a +2 cloak of poison resistance (worn)
 g - a +0 pair of gloves (worn)
Jewellery
 e - a +3 ring of dexterity (left hand)
 j - a +3 ring of strength {unknown}
 m - an uncursed ring of protection from cold
 r - a +3 amulet of reflection (around neck)
Wands
 k - a wand of flame (48)
 v - a wand of paralysis (4)
 w - a wand of random effects (14)
 y - a wand of polymorph (12)
Scrolls
 h - 2 scrolls of blinking
 i - 4 scrolls of magic mapping
 l - 3 scrolls of enchant armour
 n - a scroll of teleportation
 x - 13 scrolls of identify
 z - a scroll of enchant weapon
 A - a scroll of remove curse
Potions
 o - a potion of magic
 p - 9 potions of heal wounds
 q - 11 potions of curing
 t - 2 potions of haste {unknown}
Books
 B - a manual of Crossbows
Comestibles
 f - 16 rations


   Skills:
 + Level 6.1 Fighting
 * Level 8.1 Long Blades
 - Level 1.7 Throwing
 + Level 5.9 Dodging
 + Level 3.8 Invocations


You had 8 spell levels left.
You didn't know any spells.
Your spell library was empty.

Dungeon Overview and Level Annotations

Branches:
Dungeon (8/15)             Temple (1/1) D:5
   Lair: D:8-11

Altars:
Ashenzari
Cheibriados
Dithmenos
Elyvilon
Fedhas
Gozag
Kikubaaqudgha
Makhleb
Nemelex Xobeh
Okawaru
Qazlal
Ru
Sif Muna
Trog
Uskayaw
Vehumet
Wu Jian
Xom
Yredelemnul
Zin
The Shining One


Innate Abilities, Weirdness & Mutations

You have a pair of small horns on your head.
You have a somewhat thin skeletal structure. (Dex +2, Stealth)
Your flesh is cold resistant. (rC+)
You are immune to rotting.
Armour fits poorly on your strangely shaped body.
Your flesh is heat resistant. (rF+)
Your muscles are strong. (Str +2)
Potions are less effective at restoring your health.


Message History

The orc priest calls down the wrath of Beogh upon you.
Beogh smites you!
There is a stone staircase leading down here.
The orc warrior misses you.
You riposte.
You slash the orc warrior!
The orc warrior is severely wounded.
You climb downwards.
You hear the hiss of flowing sand.
There is an entrance to an ossuary on this level.
Hurry and find it before the portal is buried!
A worker ant comes into view.
There is a stone staircase leading up here.
You closely miss the orc warrior.
The orc warrior is severely wounded.
You hear a shout!
An ogre comes into view. It is wielding a +0 giant spiked club.
You block the orc warrior's attack.
You closely miss the orc warrior.
The orc warrior is severely wounded.
The worker ant twitches its antennae in your direction.
The orc warrior hits you with a +0 long sword!!
You die...

.# #
####.#
#.#.....
#a#.#..#
......##
#.....#
#.o..#
#@# #.#
..# ##+#


You could see an orc warrior and a worker ant.

Vanquished Creatures
  A wyvern (D:6)
  Eustachio (D:4)
  The ghost of Duffy the Magician, an amateur DEFE (D:3)
  A sky beast (D:5)
  2 phantoms
  An orc warrior (D:7)
  2 ogres
  A necrophage (D:7)
  A centaur (D:5)
  A big kobold (D:6)
  A scorpion (D:6)
  A howler monkey (D:4)
  A centaur zombie (D:6)
  A jelly (D:5)
  Crazy Yiuf (D:2)
  2 hounds
  A quasit (D:7)
  3 orc priests
  5 orc wizards
  Jessica (D:2)
  2 worker ants
  An iguana (D:6)
  A hound zombie (D:7)
  11 adders
  10 gnolls
  4 river rats (Sewer)
  An ooze (D:3)
  An adder zombie (D:7)
  An adder skeleton (D:5)
  3 worms
  A dart slug (D:3)
  5 leopard geckos
  32 orcs
  7 bats
  8 giant cockroaches
  10 goblins
  9 hobgoblins
  8 jackals
  26 kobolds
  3 quokkas
  5 ball pythons
  8 frilled lizards
  A leopard gecko skeleton (D:4)
  34 rats
221 creatures vanquished.

Notes
Turn   | Place    | Note
-------+----------+-------------------------------------------
     0 | D:1      | Voker57 the Demonspawn Gladiator began the quest for the
                  | Orb.
     0 | D:1      | Reached XP level 1. HP: 16/16 MP: 1/1
    69 | D:1      | Reached skill level 3 in Long Blades
    70 | D:1      | Gained mutation: You have a somewhat thin skeletal
                  | structure. (Dex +2, Stealth) [demonic ancestry]
    70 | D:1      | Reached XP level 2. HP: 9/22 MP: 2/2
   864 | D:2      | Reached XP level 3. HP: 23/28 MP: 3/3
  1174 | D:2      | Found a runed translucent door.
  1175 | D:2      | Noticed Crazy Yiuf
  1250 | D:2      | Reached XP level 4. HP: 33/34 MP: 4/4
  1620 | D:2      | Noticed Jessica
  1623 | D:2      | Found a white marble altar of Elyvilon.
  1627 | D:2      | Killed Jessica
  1627 | D:2      | Reached skill level 4 in Long Blades
  2289 | D:2      | Killed Crazy Yiuf
  2289 | D:2      | Gained mutation: Your flesh is cold resistant. (rC+)
                  | [demonic ancestry]
  2289 | D:2      | Reached XP level 5. HP: 36/41 MP: 5/5
  2574 | D:3      | Found a glowing drain.
  2616 | Sewer    | Entered a sewer
  3171 | Sewer    | Reached XP level 6. HP: 42/47 MP: 6/6
  3387 | D:3      | Found a snail-covered altar of Cheibriados.
  3414 | D:3      | Found an opulent altar of Gozag.
  3473 | D:3      | Found a deep blue altar of Sif Muna.
  3494 | D:3      | Noticed Duffy's ghost (amateur DEFE)
  3499 | D:3      | Found a transporter.
  3510 | D:3      | Reached skill level 5 in Long Blades
  3688 | D:3      | Found a transporter.
  3773 | D:3      | Found a blossoming altar of Fedhas.
  3774 | D:3      | Found a shadowy altar of Dithmenos.
  4321 | D:3      | Gained mutation: Scrolls take you a little longer to read.
                  | [potion of mutation]
  4321 | D:3      | Gained mutation: You have an increased reservoir of magic.
                  | (+10% MP) [potion of mutation]
  4329 | D:3      | Killed Duffy's ghost
  4329 | D:3      | Gained mutation: You have a pair of small horns on your
                  | head. [demonic ancestry]
  4329 | D:3      | Reached XP level 7. HP: 39/54 MP: 7/7
  4559 | D:4      | Reached skill level 6 in Long Blades
  4701 | D:4      | Found a burning altar of Makhleb.
  4705 | D:4      | Noticed Eustachio
  4946 | D:4      | Found a glowing silver altar of Zin.
  4947 | D:4      | Noticed an angel
  4947 | D:4      | Noticed a balrug
  5168 | D:4      | Killed Eustachio
  5266 | D:4      | Reached skill level 5 in Dodging
  5266 | D:4      | Gained mutation: You are immune to rotting. [demonic
                  | ancestry]
  5266 | D:4      | Reached XP level 8. HP: 61/61 MP: 8/8
  5365 | D:4      | Found a blossoming altar of Fedhas.
  5526 | D:4      | Reached skill level 5 in Fighting
  5678 | D:5      | Entered Level 5 of the Dungeon
  5736 | D:5      | Reached skill level 7 in Long Blades
  5790 | D:5      | Found a staircase to the Ecumenical Temple.
  5859 | D:5      | Found a blossoming altar of Fedhas.
  5889 | Temple   | Entered the Ecumenical Temple
  6054 | D:4      | Became a worshipper of Makhleb the Destroyer
  6090 | D:5      | Reached skill level 1 in Invocations
  6558 | D:6      | Found a sparkling altar of Nemelex Xobeh.
  6857 | D:6      | Found an ornate altar of the Wu Jian Council.
  6905 | D:7      | Reached XP level 9. HP: 63/69 MP: 12/12
  6921 | D:7      | Found a sacrificial altar of Ru.
  6933 | D:7      | Reached skill level 8 in Long Blades
  6941 | D:7      | Reached * piety under Makhleb
  7039 | D:7      | Noticed a two-headed ogre
  7862 | D:7      | Lost mutation: Scrolls take you a little longer to read.
                  | [potion of mutation]
  7862 | D:7      | Lost mutation: You have an increased reservoir of magic.
                  | (+10% MP) [potion of mutation]
  7862 | D:7      | Gained mutation: Potions are less effective at restoring
                  | your health. [potion of mutation]
  7862 | D:7      | Gained mutation: Your muscles are strong. (Str +2) [potion
                  | of mutation]
  7862 | D:7      | Gained mutation: Armour fits poorly on your strangely
                  | shaped body. [potion of mutation]
  7862 | D:7      | Gained mutation: Your flesh is heat resistant. (rF+)
                  | [potion of mutation]
  7987 | D:8      | Slain by an orc warrior

Levels and vault maps discovered:
D:1:      minmay_arrival_diagonal_passages, layout_loops_ring, minivault_24
D:2:      layout_basic, grunt_ministairs_8, elyvilon_altar_5, uniq_jessica,
          uniq_crazy_yiuf_cottage
D:3:      layout_basic, lemuel_doored_altar, cheibriados_altar_1,
          nicolae_overflow_crystal_walls, gammafunk_temple_overflow_pools,
          first_ration, gammafunk_ghost_arena, portal_sewer_entry_f,
          minmay_cupped
D:4:      layout_loops_cross, grunt_temple_overflow_order_and_chaos_2,
          fedhas_altar_fruit_tree, uniq_eustachio
D:5:      layout_rooms, minmay_temple_entry_hall, basic_altar,
          minmay_misc_feat_nine_boxes, minmay_misc_feat_roman
D:6:      layout_rooms, kennysheep_mini, nemelex_altar_shiori,
          minmay_manual_moon
D:7:      layout_cave_pods, hangedman_ru_absence
D:8:      layout_loops_corners, lemuel_coloured_pillars_altar,
          nicolae_ossuary_entry_monument, uniq_maurice
Temple:   zaba_magenta_temple
Sewer:    sewer_minmay_treatment

Skill      XL: |  1  2  3  4  5  6  7  8  9 |
---------------+----------------------------+-----
Long Blades    | 3 4 5 6 7 8 |  8.1
Dodging        | 3 4 5 |  5.9
Fighting       | 3 4 5 6 |  6.1
Invocations    | 3 |  3.8
Throwing       | |  1.7

Action                   |  1- 3 |  4- 6 |  7- 9 || total
-------------------------+-------+-------+-------++-------
Melee: Long sword        |    88 |   271 |   104 ||   463
       Headbutt          |       |       |    68 ||    68
       Great sword       |       |       |   100 ||   100
Throw: Throwing net      |     2 |     1 |       ||     3
  Use: Scroll            |       |     7 |     4 ||    11
       Potion            |       |     8 |     3 ||    11
 Stab: Sleeping          |     4 |     4 |     3 ||    11
       Held in net/web   |       |     1 |       ||     1
  Eat: Chunk             |     1 |    11 |    10 ||    22
Armor: Leather armour    |    17 |   107 |    56 ||   180
Dodge: Dodged            |    79 |   257 |   189 ||   525
Block: Other             |       |    17 |    21 ||    38
       Reflection        |       |     1 |       ||     1
       Rpst.: Long sword |    31 |    82 |    15 ||   128
       Great sword       |       |       |    37 ||    37

Table legend:
 A = Non-vault XP
 B = Vault XP
 C = Vault XP percentage of total XP
 D = Non-vault monster count
 E = Vault monster count
 F = Vault count percentage of total count
                 A         B        C        D         E       F
            +---------+---------+-------+---------+---------+-------
      Total |    2180 |     978 |  31.0 |     152 |      69 |  31.2
            +---------+---------+-------+---------+---------+-------
        D:1 |      39 |       0 |   0.0 |      24 |       0 |   0.0
        D:2 |      80 |      93 |  53.8 |      24 |       4 |  14.3
        D:3 |     245 |     184 |  42.9 |      32 |      12 |  27.3
        D:4 |     534 |     196 |  26.8 |      28 |       1 |   3.4
        D:5 |     467 |       0 |   0.0 |      17 |       0 |   0.0
        D:6 |     279 |     363 |  56.5 |       8 |       4 |  33.3
        D:7 |     536 |       0 |   0.0 |      19 |       0 |   0.0
      Sewer |       0 |     142 | 100.0 |       0 |      48 | 100.0
            +---------+---------+-------+---------+---------+-------
